[Event "*** Titled Tuesday Blitz"]
[Site "Chess.com"]
[Date "2019.10.01"]
[Round "1"]
[White "MarcoRiehle"]
[Black "Nightlord1"]
[Result "0-1"]
[WhiteElo "2589"]
[BlackElo "2223"]
[TimeControl "180+2"]
[EndTime "13:09:08 PDT"]
[Termination "Nightlord1 won on time"]

1. e4 e5 2. Nf3 d5 3. Nxe5 dxe4 4. d4 Bd6 5. Nc4 Nf6 6. Nc3 O-O 7. Bg5 Re8 8. Be2 Nc6 9. O-O Nxd4 10. Nxd6 Qxd6 11.
Re1 Nxe2+ 12. Qxe2 Bf5 13. Rad1 Qe6 14. Bxf6 Qxf6 15.
Qb5 c6 16. Qxb7 Reb8 17. Qc7 Rxb2 18. Nxe4 Bxe4 19. Rxe4 Rxa2 20. h4 h6 21. Rf4 Ra1 22. Rxf6 Rxd1+ 23. Kh2 gxf6 24. Qxc6 Rdd8 25. Qxf6 a5 26.
Qxh6 a4 27. Qg5+ Kf8 28. Qc5+ Kg8 29. Qa3 Rdc8 30. h5 Ra6 31. Qg3+ Kf8 32. Qd3 Rcc6 33. Qa3+ Kg8 34. g4 Rxc2 35. Kg3 Rc4 36. g5 Ra5 37. f4 Rf5 38. Qe3 Rcxf4 39. Qe8+ Kg7 40. h6+ Kg6 41.
Qc6+ Kxg5 42. h7 Rg4+ 43. Kh3 Rh4+ 44. Kg3 Rxh7 45. Qc1+ Kg6 46. Qc6+ f6 47. Qe8+ Kg5 48. Qxa4 Rg7 49. Kh3 Kh6 50. Kh2 Rh5+ 0-1

[Event "*** Titled Tuesday Blitz"]
[Site "Chess.com"]
[Date "2019.10.01"]
[Round "1"]
[White "Bagirova"]
[Black "13MiRacLe"]
[Result "0-1"]
[WhiteElo "2073"]
[BlackElo "2520"]
[TimeControl "180+2"]
[EndTime "13:09:10 PDT"]
[Termination "13MiRacLe won by resignation"]

1. e4 e5 2. Nf3 Nc6 3. Bc4 Nf6 4. d3 Bc5 5. c3 O-O 6. O-O d5 7. exd5 Nxd5 8. Nbd2 Nb6 9. Bb3 Qxd3 10. Bc2 Qd8 11. Qe2 Re8 12. Qe4 f5 13. Bb3+ Kh8 14. Qb1 e4 15. Nxe4 fxe4 16. Ng5 Re7 17. Nf7+ Rxf7 18.
Bxf7 Ne5 19. Bb3 Nd3 20. Be3 Bf5 21. Bc2 Nd5 22. Bxd3 Bxe3 23. Bxe4 Bxe4 24. Qxe4 Bb6 25. Rad1 c6 26. c4 Qe7 27. Qxe7 Nxe7 28. Rd7 Nf5 29. Rxb7 Re8 30. h3 h6 31. Rd1 Re2 32. b4 Bxf2+ 33. Kh1 Rxa2 34. Rb8+ Kh7 35. Rf8 Ne3 36. Rb1 Nxc4 37. Rf1 Bd4 38. Rd1 Ra1 39. Rxa1 Bxa1 40. Rc8 Ne5 41. Rc7 Bc3 42. b5 cxb5 43. Rxc3 Nc4 44.
Rb3 a6 45. Kg1 Kg6 46. Kf2 Kf5 47. Kf3 Nd2+ 48. Ke2 Nxb3 49. Kd3 Nc5+ 50. Kd4 Ne6+ 51.
Kd5 Nf4+ 52. Kc6 Nxg2 53. Kb6 b4 54. Kxa6 b3 55. Kb5 b2 0-1

[Event "*** Titled Tuesday Blitz"]
[Site "Chess.com"]
[Date "2019.10.01"]
[Round "1"]
[White "therealtrader"]
[Black "Abdodi"]
[Result "1-0"]
[WhiteElo "2593"]
[BlackElo "2189"]
[TimeControl "180+2"]
[EndTime "13:09:15 PDT"]
[Termination "therealtrader won by resignation"]

1. c4 Nf6 2. Nc3 e6 3. e4 d6 4. d4 g6 5. Nf3 Bg7 6. Be2 O-O 7. O-O Nc6 8. Be3 Ng4 9. Bg5 f6 10. Bh4 g5 11. Bg3 h5 12. h3 Nh6 13. d5 Ne7 14. Nd4 e5 15. Ne6 Bxe6 16. dxe6 h4 17.
Bh2 Re8 18. Qb3 b6 19. Bh5 Rf8 20. Rad1 f5 21. exf5 Nhxf5 22. Ne4 Bf6 23. Qc3 Kg7 24. Bf7 Rxf7 25. exf7 Kxf7 26. Nxf6 Kxf6 27. Bxe5+ dxe5 28. Rxd8 Rxd8 29. c5 Nd4 30. Kh2 Nd5 31. Qc4 c6 32. cxb6 axb6 33. Re1 Nf4 34. Qa4 b5 35.
Qa7 Nd3 36. Qc7 Re8 37. Rd1 Nf4 38. Rxd4 exd4 39. Qxc6+ Re6 40. Qxb5 d3 41. g3 hxg3+ 42. Kxg3 Rd6 43. Qc5 Ke6 44. Qc4+ Ke5 45. Qc3+ Rd4 46. Qd2 Ne6 47. b4 Kf5 48. b5 Nc5 49. f3 Rc4 50. b6 Rc2 51. Qe3 Rc3 52. Qd4 Rc2 53.
b7 d2 54. b8=Q 1-0

[Event "*** Titled Tuesday Blitz"]
[Site "Chess.com"]
[Date "2019.10.01"]
[Round "1"]
[White "Vuk2000"]
[Black "NiranjanNavalgund"]
[Result "1-0"]
[WhiteElo "2817"]
[BlackElo "2421"]
[TimeControl "180+2"]
[EndTime "13:09:20 PDT"]
[Termination "Vuk2000 won by resignation"]

1. d4 Nf6 2. Bg5 Ne4 3. Bf4 d5 4. e3 c5 5. Bd3 Nf6 6. c3 Bg4 7. Qb3 Qb6 8. dxc5 Qxb3 9. axb3 Nfd7 10. b4 e5 11. Bg3 Be7 12. Bb5 O-O 13. Nd2 f5 14. f4 exf4 15. exf4 Bf6 16. Ngf3 Nc6 17. O-O Rfe8 18. Bf2 Bh5 19. Bd3 Bg6 20. Nb3 a6 21. Nfd4 Nxd4 22. Nxd4 Bxd4 23. Bxd4 Nf6 24. b5 axb5 25.
Bxb5 Rec8 26. b4 Ne4 27. Bd7 Rd8 28. Be6+ Bf7 29. Bxf5 g6 30. Bg4 Re8 31. h4 Nd2 32. Rfd1 Nb3 33. Rxa8 Rxa8 34. Be5 Ra2 35. Bf3 Nd2 36. Bg4 h5 37. Bc8 Nc4 38. Bd4 Nb2 39. Rd2 Ra1+ 40. Kh2 Nc4 41. Re2 Ra7 42. c6 b6 43. Bb7 Nd6 44. Bxb6 Ra3 45. Bc5 Nb5 46. Re7 Rxc3 47. c7 Nxc7 48. Rxc7 d4 49. Rd7 d3 50.
Bd5 Bxd5 51. Rxd5 Kf7 52. Rd6 Rb3 53. Kg1 Rb1+ 54. Kf2 Rb2+ 55. Kf3 Rb3 56. Ke4 Rb2 57. Rxd3 Rxg2 58. Rb3 Rg4 59. b5 g5 60. hxg5 h4 61. b6 Rg2 62. b7 1-0

[Event "*** Titled Tuesday Blitz"]
[Site "Chess.com"]
[Date "2019.10.01"]
[Round "1"]
[White "malandragem"]
[Black "PaulfromSPb"]
[Result "0-1"]
[WhiteElo "2309"]
[BlackElo "2668"]
[TimeControl "180+2"]
[EndTime "13:09:22 PDT"]
[Termination "PaulfromSPb won by resignation"]

1. d4 Nf6 2. c4 e6 3. Nc3 Bb4 4. e3 O-O 5. Ne2 Re8 6. a3 Bf8 7.
Ng3 d6 8. Bd3 e5 9. d5 a5 10.
O-O Nbd7 11. b3 g6 12. Bb2 Bg7 13. Rc1 h5 14. h3 h4 15. Nge4 Nxe4 16. Nxe4 f5 17. Nd2 Qe7 18. Bb1 Nf6 19. Nf3 Nh5 20. b4 axb4 21. axb4 b6 22. Qb3 Bd7 23. Rfd1 Ba4 24.
Qc3 Bxd1 25. Rxd1 e4 26. Nd4 Be5 27. Qb3 Qf6 28. Ba3 f4 29. Bxe4 fxe3 30. fxe3 Ng3 31. Bf3 Bxd4 32. Rxd4 Nf5 33. Bb2 Rxe3 34. Qd1 Nxd4 35.
Bxd4 Re1+ 36. Qxe1 Qxd4+ 37. Kh2 Qf4+ 38. Kg1 Qf6 39.
Qe4 Ra1+ 40. Kh2 Qe5+ 41. Qxe5 dxe5 42. c5 bxc5 43. bxc5 Kf7 44. g4 Rc1 45. c6 Rc4 46. g5 e4 47. Bg4 Ke7 48. Kg2 Kd6 49. Be6 Ke5 50. Kf2 Rc3 51. Ke2 e3 52. Kf3 Kd4 53. d6 cxd6 0-1

[Event "*** Titled Tuesday Blitz"]
[Site "Chess.com"]
[Date "2019.10.01"]
[Round "1"]
[White "przemekpiotrowski"]
[Black "Durarbayli"]
[Result "0-1"]
[WhiteElo "2414"]
[BlackElo "2807"]
[TimeControl "180+2"]
[EndTime "13:09:30 PDT"]
[Termination "Durarbayli won by checkmate"]

1. d4 Nf6 2. Nf3 c5 3. c4 cxd4 4. Nxd4 b6 5. Nc3 Bb7 6. Bg5 e6 7. Ndb5 Na6 8. Nd6+ Bxd6 9. Qxd6 Rc8 10. e3 h6 11. Bh4 Nc5 12. Rd1 Rc6 13. Qd4 d6 14. b4 e5 15. Qd2 Nce4 16. Nxe4 Nxe4 17. Bxd8 Nxd2 18. Rxd2 Kxd8 19. b5 Rc7 20. Rxd6+ Ke7 21.
Rd2 a6 22. a4 axb5 23. axb5 Ra8 24. Be2 Ra1+ 25. Rd1 Ra2 26. Rd2 Ra1+ 27. Rd1 Rxd1+ 28. Kxd1 Bxg2 29. Rg1 Be4 30. Rxg7 Kf8 31. Rg1 Ra7 32.
Rg4 Ra1+ 33. Kd2 Ra2+ 34. Ke1 Bf5 35. Rh4 Kg7 36. e4 Be6 37. Kd1 Kg6 38. f4 Ra1+ 39.
Kd2 Ra2+ 40. Ke3 Ra3+ 41. Kd2 Ra2+ 42. Ke3 Ra3+ 43. Kf2 exf4 44. Rxf4 Kg5 45. Rf3 Ra2 46.
Rc3 Kf4 47. c5 bxc5 48. Rxc5 Rb2 49. e5 h5 50. Ke1 h4 51. Bc4 Ke3 52. Kd1 Bf5 53.
e6 Rb1# 0-1

[Event "*** Titled Tuesday Blitz"]
[Site "Chess.com"]
[Date "2019.10.01"]
[Round "1"]
[White "jorquerino"]
[Black "Zubrrr"]
[Result "0-1"]
[WhiteElo "2345"]
[BlackElo "2703"]
[TimeControl "180+2"]
[EndTime "13:09:32 PDT"]
[Termination "Zubrrr won by resignation"]

1. e4 c5 2. Nc3 d6 3. g3 g6 4. d3 Bg7 5. Bg2 Nc6 6. Be3 e6 7.
Qd2 Nge7 8. Bh6 O-O 9. h4 f6 10.
Bxg7 Kxg7 11. f4 h6 12. g4 Nd4 13. Nf3 Nec6 14. Nxd4 Nxd4 15. Ne2 Nxe2 16. Qxe2 Qa5+ 17. c3 Bd7 18. O-O e5 19. g5 fxg5 20. fxg5 h5 21.
Rxf8 Rxf8 22. Rf1 Qxa2 23. Rxf8 Kxf8 24. Qf2+ Qf7 25. Qe3 a5 26. d4 b6 27. dxe5 dxe5 28. Qd3 Ke7 29. Qa6 Qb3 30. Qe2 a4 31. Qf2 Qd1+ 32.
Kh2 Qd6 33. Bh3 Bxh3 34. Kxh3 Qd3+ 35. Kh2 Qxe4 36. Qf6+ Kd7 37. Qxb6 Qxh4+ 38. Kg2 Qxg5+ 39. Kh2 Qf4+ 40. Kh1 Qe4+ 41. Kh2 Qc6 42. Qb8 e4 43. Qg8 Qe6 44. Qg7+ Kc6 45. Qa7 Kb5 46. Qb7+ Kc4 47.
Qa6+ Qxa6 0-1

[Event "*** Titled Tuesday Blitz"]
[Site "Chess.com"]
[Date "2019.10.01"]
[Round "1"]
[White "parmupill123"]
[Black "newauto"]
[Result "1-0"]
[WhiteElo "2516"]
[BlackElo "2004"]
[TimeControl "180+2"]
[EndTime "13:09:34 PDT"]
[Termination "parmupill123 won by resignation"]

1. e4 c6 2. d4 d5 3. f3 e6 4.
Nc3 c5 5. exd5 cxd4 6. Qxd4 Nc6 7. Bb5 exd5 8. Qxd5 Nf6 9. Bxc6+ bxc6 10. Qxc6+ Bd7 11. Qc4 Rc8 12. Qe2+ Be7 13. Bg5 O-O 14. Nh3 Re8 15.
O-O-O Rxc3 16. Qd2 Rc7 17. Rhe1 Bxh3 18. Qxd8 Rxd8 19. Rxd8+ Bxd8 20. Bxf6 gxf6 21. Re8+ Kg7 22. gxh3 Rd7 23. c4 Bc7 24. Kc2 Be5 25. b4 Bf4 26. c5 Rd2+ 27. Kc3 Rxa2 28. c6 Bxh2 29. Re7 Ra1 30.
b5 Rc1+ 31. Kd4 Kg6 32. Kd5 Rd1+ 33. Kc4 h5 34. Rxa7 Bg1 35. Rb7 Rc1+ 36. Kd5 Kf5 37. c7 Rd1+ 38. Kc6 Rc1+ 39. Kd7 Rd1+ 40. Ke8 Rc1 41. Kd8 Rd1+ 42. Kc8 Rc1 43. Kb8 Bh2 44. b6 Ke6 45. Ra7 Kd7 46. Ra2 Rb1 47. Rd2+ Ke8 48. Kb7 Bxc7 49. Kxc7 Rc1+ 50. Kb8 Rc3 51. b7 Rxf3 52. Rd5 Rxh3 53. Kc7 Rb3 54. Rxh5 Ke7 55. b8=Q Rxb8 56. Kxb8 Ke6 57. Kc7 f5 58. Kc6 Ke5 59. Kc5 f6 60. Rh8 Ke4 61. Re8+ Kf3 62. Kd4 f4 63. Kd3 f5 64. Rf8 Kg4 65. Ke2 f3+ 66. Kf2 Kf4 67. Ra8 Kg4 68. Ra4+ f4 69. Rb4 Kg5 70.
Kxf3 1-0

[Event "*** Titled Tuesday Blitz"]
[Site "Chess.com"]
[Date "2019.10.01"]
[Round "1"]
[White "Darhild"]
[Black "GremioPrudente"]
[Result "1-0"]
[WhiteElo "2633"]
[BlackElo "2272"]
[TimeControl "180+2"]
[EndTime "13:09:36 PDT"]
[Termination "Darhild won on time"]

1. e4 e6 2. d4 d5 3. Nc3 Nf6 4. e5 Nfd7 5. f4 c5 6. Nf3 Nc6 7. Be3 cxd4 8. Nxd4 Bc5 9. Qd2 O-O 10. O-O-O a6 11. Kb1 Nxd4 12. Bxd4 b5 13. f5 b4 14. Ne2 Bxd4 15. Nxd4 Nxe5 16. fxe6 fxe6 17. Qxb4 Qc7 18. Nb3 Bb7 19. Qc5 Qd7 20. Be2 Rac8 21. Qe3 Qc7 22.
Rc1 a5 23. Rhe1 Rf6 24. Bb5 Nc4 25. Bxc4 dxc4 26. Nd4 Bd5 27. Qe5 c3 28. Qxc7 Rxc7 29. bxc3 Rxc3 30. Re2 Kf7 31. Rce1 Rc4 32. Rd2 g6 33. a3 Rf4 34. Nb5 Rc6 35. Nd4 Rc4 36.
Nb3 Rc3 37. Kb2 Rfc4 38. Nxa5 Rc5 39. Nb3 Bxb3 40. cxb3 Rc6 41. Ree2 Rc1 42. Rc2 R6xc2+ 43. Rxc2 Rg1 44. a4 Kf6 45. a5 Rh1 46. h3 Rd1 47. b4 Rd4 48. Kb3 1-0

[Event "*** Titled Tuesday Blitz"]
[Site "Chess.com"]
[Date "2019.10.01"]
[Round "1"]
[White "wonderfultime"]
[Black "googlegoom"]
[Result "0-1"]
[WhiteElo "2952"]
[BlackElo "2501"]
[TimeControl "180+2"]
[EndTime "13:09:44 PDT"]
[Termination "googlegoom won by resignation"]

1. d4 d5 2. Nf3 Nf6 3. Bf4 e6 4. e3 Nbd7 5. Bd3 c5 6. c3 a6 7.
Nbd2 b5 8. O-O Bb7 9. Ne5 Nxe5 10. Bxe5 Nd7 11. Bg3 Be7 12. Rc1 O-O 13. h3 Rc8 14.
Qe2 Qb6 15. Nf3 b4 16. Rfd1 a5 17. a4 Bc6 18. Ra1 bxc3 19. bxc3 Qb3 20. Ba6 Ra8 21. Rdb1 Qxc3 22. Ra2 c4 23. Bb7 Bxb7 24. Rxb7 Rfd8 25. Ne5 Nxe5 26. Bxe5 Re8 27. Qg4 Bf8 28. Qh5 Re7 29. Rb1 f6 30. Bd6 Rf7 31. Bxf8 Raxf8 32. Qg4 f5 33.
Qf4 Qd3 34. Raa1 Rc8 35. Qd6 Rf6 36. Qd7 Rcf8 37. Qc7 f4 38. exf4 Rxf4 39. Rf1 Qxd4 40. Ra2 c3 41. Qxa5 Qc4 42. Raa1 d4 43. Qb6 d3 44. a5 c2 45. a6 d2 46. a7 c1=Q 47. a8=Q Q4xf1+ 48. Kh2 Qg1+ 49. Kg3 Qxf2+ 50. Qxf2 Rxf2 0-1

[Event "*** Titled Tuesday Blitz"]
[Site "Chess.com"]
[Date "2019.10.01"]
[Round "1"]
[White "TrenerChos"]
[Black "Rsnr"]
[Result "0-1"]
[WhiteElo "2399"]
[BlackElo "2748"]
[TimeControl "180+2"]
[EndTime "13:09:45 PDT"]
[Termination "Rsnr won by checkmate"]

1. e4 c6 2. Nf3 d5 3. Nc3 Bg4 4.
d4 e6 5. exd5 cxd5 6. h3 Bh5 7.
Bd3 Nc6 8. Be3 Bd6 9. g4 Bg6 10. Ne2 Qc7 11. c3 Nge7 12. Bb5 Be4 13. Nc1 a6 14. Be2 h5 15. g5 Nf5 16. Nd3 Nxe3 17. fxe3 Bg3+ 18. Kd2 Na5 19. b3 Rc8 20. Rc1 Qe7 21. Qg1 h4 22. Qd1 Bxf3 23. Bxf3 Qxg5 24.
Qe2 O-O 25. Kc2 Nc6 26. Kb2 Ne7 27. e4 dxe4 28. Bxe4 Rc7 29. Rhf1 Nf5 30. Bxf5 exf5 31.
Rc2 f4 32. Ne5 Re8 33. Qd3 g6 34. Re2 Kg7 35. Rc1 Rce7 36. Rcc2 Qf6 37. Ng4 Qd6 38.
Rxe7 Qxe7 39. d5 Qd6 40. Qd4+ f6 41. c4 b6 42. c5 bxc5 43. Rxc5 Re2+ 44. Kc3 f3 45.
Rc6 Be1+ 46. Kd3 Rd2+ 47. Ke3 Rxd4 48. Rxd6 Rxg4 49. hxg4 f2 50. Ke2 h3 51. Rd7+ Kh6 52. Rd8 Kg7 53. Rd7+ Kg8 54. Rd8+ Kh7 55. Rd7+ Kh6 56.
Rd8 Kg5 57. Rh8 Kxg4 58. Kf1 Bb4 59. Kxf2 g5 60. Rd8 Bc5+ 61. Kf1 Kg3 62. Rc8 h2 63. Rh8 g4 64. Ke2 f5 65. Kd3 Kg2 66. Kc4 Bd6 67. a4 h1=Q 68. Rxh1 Kxh1 69. b4 g3 70. b5 axb5+ 71.
Kxb5 g2 72. Kc6 Bg3 73. a5 g1=Q 74. a6 Qa7 75. d6 Qxa6+ 76. Kd7 Qxd6+ 77. Ke8 Qc7 78. Kf8 Be5 79. Ke8 Bf6 80. Kf8 Qe7+ 81. Kg8 Qg7# 0-1

[Event "*** Titled Tuesday Blitz"]
[Site "Chess.com"]
[Date "2019.10.01"]
[Round "1"]
[White "bascheyaro"]
[Black "Orest_Vovk"]
[Result "1-0"]
[WhiteElo "2754"]
[BlackElo "2399"]
[TimeControl "180+2"]
[EndTime "13:09:48 PDT"]
[Termination "bascheyaro won by resignation"]

1. d4 d5 2. Nf3 Bf5 3. c4 e6 4. Nc3 Nf6 5. Bg5 Nc6 6. e3 Be7 7. Be2 Ne4 8. Bxe7 Qxe7 9. O-O Nxc3 10. bxc3 O-O 11. Qb3 Na5 12. Qa4 Nxc4 13. Bxc4 dxc4 14. Qxc4 Be4 15. Nd2 Bc6 16. e4 Qg5 17. Qe2 Bb5 18. c4 Ba6 19. f4 Qa5 20. Nf3 Qa4 21. Rfc1 Rad8 22. Qc2 Qxc2 23. Rxc2 b6 24. a4 Bb7 25.
d5 f5 26. Nd4 exd5 27. exd5 Rfe8 28. Nxf5 Rf8 29. Nd4 Rde8 30. Ne6 Rf7 31. Re1 c6 32. d6 c5 33. Rd2 Rd7 34. f5 Ba6 35.
Re4 Bb7 36. Rg4 Bc6 37. h3 Bxa4 38. Nf4 Re4 39. f6 Rd4 40. Rxd4 cxd4 41. Nd5 d3 42. Ne7+ Kf7 43. fxg7 Rd8 44. g8=Q+ Rxg8 45. Nxg8 d2 46. Rd4 Kxg8 47. Rxd2 Bd7 48. Kf2 Kf7 49. Re2 Be6 50.
Re4 a5 51. Ke3 a4 52. Kd4 a3 53. Kc3 a2 54. Kb2 Bf5 55. Re7+ Kf6 56. g4 Bd3 57. Re3 Bxc4 58. d7 1-0

[Event "*** Titled Tuesday Blitz"]
[Site "Chess.com"]
[Date "2019.10.01"]
[Round "1"]
[White "Kostya_Nikologorskiy"]
[Black "Msb2"]
[Result "0-1"]
[WhiteElo "2470"]
[BlackElo "2904"]
[TimeControl "180+2"]
[EndTime "13:09:58 PDT"]
[Termination "Msb2 won by resignation"]

1. d4 d5 2. c4 e6 3. Nc3 Bb4 4. e3 Nf6 5. Nf3 O-O 6. Qc2 c5 7.
dxc5 Nbd7 8. Be2 Nxc5 9. O-O dxc4 10. Rd1 Qe7 11. Bxc4 b6 12. Nb5 Nce4 13. a3 Bd6 14. Nxd6 Nxd6 15. Be2 Bb7 16. Bd2 Rfc8 17. Qa4 Nfe4 18.
Bb4 Nc5 19. Qc2 a5 20. Bxc5 Rxc5 21. Qb3 b5 22. Rac1 Bd5 23. Qd3 Rac8 24. Rxc5 Rxc5 25.
Qd4 Qc7 26. h3 h6 27. b4 axb4 28. axb4 Rc2 29. Bd3 Ra2 30. e4 Bc4 31. Bb1 Ra6 32.
e5 Ne8 33. Qe4 g6 34. h4 Bd5 35. Qf4 Bxf3 36. Qxf3 Qxe5 37. Rd8 Kf8 38. Rd1 Ra1 39. g3 h5 40. Bc2 Rxd1+ 41. Bxd1 Nd6 42. Be2 Nf5 43. Qd3 Nd4 44. Bf1 Qd5 45. Bg2 Qc4 46. Qxc4 bxc4 47. Kf1 c3 48. Ke1 Nc2+ 49. Ke2 Nxb4 50.
Be4 Ke7 51. Ke3 f5 52. Bd3 e5 53. Bc4 Kf6 54. f4 e4 55. Bb3 Nd3 56. Kd4 Nf2 57.
Kxc3 Nh1 58. Kd4 Nxg3 59. Ke3 Nf1+ 60. Ke2 Nh2 0-1

[Event "*** Titled Tuesday Blitz"]
[Site "Chess.com"]
[Date "2019.10.01"]
[Round "1"]
[White "LornerAcosta"]
[Black "Hrant_ChessMood"]
[Result "0-1"]
[WhiteElo "2463"]
[BlackElo "2866"]
[TimeControl "180+2"]
[EndTime "13:10:15 PDT"]
[Termination "Hrant_ChessMood won by resignation"]

1. Nf3 c5 2. c3 d5 3. d4 Nf6 4. Bf4 e6 5. e3 Nc6 6. Bd3 Be7 7. O-O Nh5 8. Bg3 Nxg3 9. hxg3 O-O 10. Nbd2 Qc7 11.
Re1 Rd8 12. Qe2 Bd7 13. dxc5 Bxc5 14. e4 g6 15. Nb3 Bb6 16. e5 Rac8 17. Qd2 Kg7 18.
Qg5 Rf8 19. Qf6+ Kg8 20. Rad1 Qd8 21. Qf4 Qe7 22. Re2 Kg7 23. Nh2 h5 24. g4 Rh8 25.
g5 a5 26. Nf3 Rhd8 27. a4 Be8 28. g3 d4 29. cxd4 Nb4 30. Bb5 Nd5 31. Qd2 Bxb5 32.
axb5 Qe8 33. Nxa5 Rc7 34. Nb3 Qxb5 35. Nc1 Rdc8 36. Nd3 Ba5 37. b4 Bxb4 38. Nxb4 Qxb4 39. Ra1 Qb3 40. Ne1 b5 41. Ra2 b4 42. Rb2 Qc3 43. Kg2 Qc6 44. Nf3 Ra8 45. Qd3 Ra3 46. Qe4 Rc3 47. Kh2 b3 48. Nd2 Rb7 49.
Qb1 Qb5 50. Ne4 Rc6 51. Nd6 Rxd6 52. exd6 Nc3 53. Rxb3 Qxb3 54. Qxb3 Rxb3 55. Re3 Kf8 56. d5 e5 57. Rxe5 Rb8 58. f4 Rd8 59. f5 Rxd6 60.
fxg6 fxg6 61. Re3 Nxd5 62. Rf3+ Ke7 0-1

[Event "*** Titled Tuesday Blitz"]
[Site "Chess.com"]
[Date "2019.10.01"]
[Round "1"]
[White "tigra"]
[Black "Mr_Sinigami"]
[Result "1/2-1/2"]
[WhiteElo "2698"]
[BlackElo "2377"]
[TimeControl "180+2"]
[EndTime "13:10:25 PDT"]
[Termination "Game drawn by repetition"]

1. e4 c5 2. Nf3 e6 3. d4 cxd4 4.
Nxd4 Nc6 5. Nc3 Qc7 6. Be3 Nf6 7. a3 a6 8. f4 d6 9. Qf3 Bd7 10. O-O-O Nxd4 11. Rxd4 Bc6 12. g4 Be7 13. g5 Nd7 14. h4 O-O 15. Bh3 Rae8 16. Rhd1 b5 17. Kb1 Nc5 18.
f5 exf5 19. Qxf5 g6 20. Nd5 gxf5 21. Nxc7 Bxe4 22. Nxe8 Rxe8 23. Rf1 Bf8 24. Bf4 Rc8 25. b4 Ne6 26. Rxe4 fxe4 27. Bd2 Bg7 28. h5 d5 29. g6 hxg6 30. hxg6 Rc6 31. gxf7+ Kf8 32. c4 bxc4 33. b5 axb5 34. Bxe6 c3 35. Bxd5 Rc5 36. Bg5 c2+ 37.
Kc1 Rxd5 38. Be3 Rh5 39. Kxc2 Rd5 40. Rf2 Re5 41. Bd4 Rg5 42. Bb6 Rd5 43. Rf4 e3 44. Bxe3 Bh6 45. Rf3 Bxe3 46. Rxe3 Kxf7 47. Kc3 Kf6 48.
Kb4 Kf5 49. Ka5 Kf6 50. Re2 Kf5 51. Re3 Kf6 52. Kb6 Kf7 53. Kc6 Rg5 54. Kb6 Rf5 55. Ka5 Rd5 56. Re2 Rd3 57. Kb4 Rd5 58. Re1 Kf6 59. Re8 Kf7 60. Re4 Kf6 61. Re3 Kf7 62.
Ka5 Kf6 1/2-1/2

[Event "*** Titled Tuesday Blitz"]
[Site "Chess.com"]
[Date "2019.10.01"]
[Round "1"]
[White "Siemba"]
[Black "AliKa2810"]
[Result "1/2-1/2"]
[WhiteElo "2219"]
[BlackElo "2591"]
[TimeControl "180+2"]
[EndTime "13:10:27 PDT"]
[Termination "Game drawn by stalemate"]

1. e4 e6 2. d4 d5 3. Nc3 Bb4 4. e5 Ne7 5. a3 Bxc3+ 6. bxc3 c5 7. Qg4 Kf8 8. Nf3 Qa5 9. Bd2 Qa4 10. Be2 Qxc2 11.
O-O b6 12. Rac1 Qf5 13. Qg3 Qg6 14. Qh3 Nf5 15. Bd3 Ba6 16. c4 Bxc4 17. Rxc4 dxc4 18. Be4 Nc6 19. Bxc6 Rc8 20. Be4 h5 21. Nh4 Qg4 22. Qxg4 hxg4 23. Nxf5 exf5 24. Bxf5 Rd8 25. Bc3 cxd4 26.
Bb4+ Kg8 27. Bxg4 d3 28. e6 Rd4 29. e7 Kh7 30. Bf3 a5 31. Bc3 Rd7 32. Be4+ Kh6 33. e8=Q Rxe8 34. Bc6 Red8 35. Bxd7 Rxd7 36. Rb1 Rd6 37.
Kf1 Kg6 38. Be5 Rd5 39. Bc3 Rd6 40. Bd2 Kf5 41. f3 Rc6 42. Bc3 f6 43. Kf2 Ke6 44.
Ke3 Kd5 45. Rb5+ Rc5 46. Rxb6 a4 47. f4 Rc8 48. Rb5+ Kc6 49. Rb4 Re8+ 50. Kf3 Kd5 51. Rxa4 Re2 52. Ra5+ Kc6 53. Ra8 Rc2 54. Rc8+ Kd5 55.
Bb4 d2 56. Rd8+ Kc6 57. Rxd2 Rc1 58. Ke4 Kb5 59. Kd4 Ka4 60. Re2 g5 61. fxg5 fxg5 62.
Re3 g4 63. Rc3 Rg1 64. Rc2 Kb3 65. Rc3+ Ka4 66. Kxc4 Rxg2 67. Rg3 Rxg3 68. hxg3 1/2-1/2

[Event "*** Titled Tuesday Blitz"]
[Site "Chess.com"]
[Date "2019.10.01"]
[Round "1"]
[White "gmcorrales"]
[Black "Rakesh"]
[Result "0-1"]
[WhiteElo "2761"]
[BlackElo "2431"]
[TimeControl "180+2"]
[EndTime "13:10:33 PDT"]
[Termination "Rakesh won by checkmate"]

1. c4 e5 2. Nc3 Nc6 3. e3 Nf6 4. b3 d5 5. cxd5 Nxd5 6. Bb2 Be6 7. Nf3 Bd6 8. Bb5 O-O 9. O-O Nxc3 10. Bxc3 e4 11. Bxc6 bxc6 12. Ne5 Qg5 13. f4 exf3 14. Nxf3 Qh5 15. Qe1 Bg4 16. h3 Be6 17. Qh4 Qxh4 18. Nxh4 g6 19. Nf3 h6 20. Bd4 a5 21. Rac1 a4 22. Bc5 axb3 23. axb3 Bxb3 24. Bxd6 cxd6 25.
Rxc6 Rad8 26. Nd4 Bd5 27. Rb6 Be4 28. Rf6 d5 29. Rb3 Kg7 30. Rfb6 g5 31. g4 Rc8 32. d3 Rc1+ 33. Kf2 Bg6 34. Rb7 Ra8 35. Nf5+ Bxf5 36. gxf5 Ra2+ 37. Rb2 Raa1 38. Kf3 Rh1 39. Kg3 Rag1+ 40.
Rg2 Re1 41. Re7 Kf6 42. Re8 h5 43. e4 h4+ 44. Kg4 dxe4 45. dxe4 Rhf1 46. Kh5 Rf4 47.
Rg4 Rxg4 48. Kxg4 Rg1+ 49. Kh5 Rg3 50. Ra8 Rxh3 51. Ra6+ Ke5 52. Ra4 Rg3 53. Kh6 h3 54. Kg7 h2 55. Ra1 Rg1 56. Ra5+ Kf4 57. Ra4 h1=Q 58. f6 Qh5 59. Kf8 Rc1 60. Ke7 Rc7+ 61. Kd6 Rb7 62. e5+ Kf5 63. Ra1 Qe2 64. Ra5 Qd2+ 65.
Rd5 Rd7+ 66. Kxd7 Qxd5+ 67. Ke7 Qxe5+ 68. Kf8 Qxf6 69. Kg8 Qa6 70. Kh7 f6 71. Kg7 Qb7+ 72. Kh6 Qe7 73. Kh5 Qh7# 0-1

[Event "*** Titled Tuesday Blitz"]
[Site "Chess.com"]
[Date "2019.10.01"]
[Round "1"]
[White "SlavenPastar"]
[Black "VerdeNotte"]
[Result "1/2-1/2"]
[WhiteElo "2420"]
[BlackElo "2777"]
[TimeControl "180+2"]
[EndTime "13:10:43 PDT"]
[Termination "Game drawn by repetition"]

1. d4 Nf6 2. c4 c5 3. d5 b5 4. cxb5 a6 5. bxa6 g6 6. Nf3 Bg7 7. g3 Nxa6 8. Bg2 Bb7 9. Nc3 Nb4 10. d6 exd6 11. O-O d5 12. a3 d4 13. Na4 Na6 14.
b4 d6 15. e3 dxe3 16. Bxe3 O-O 17. bxc5 Ne4 18. Rc1 dxc5 19. Ng5 Qe7 20. Nxe4 Bxe4 21. Nxc5 Bxg2 22. Kxg2 Bb2 23. Rc2 Bxa3 24. Nxa6 Qe4+ 25. Kg1 Rxa6 26. Qe2 Re6 27. Qc4 Qb7 28. Bh6 Rfe8 29. Qc3 Bf8 30. Bxf8 Rxf8 31. Qc7 Qe4 32. Qc4 Qf5 33.
Qc5 Re5 34. Qc3 Rfe8 35. Kg2 Qe4+ 36. Kg1 h5 37. h4 Rf5 38. Rd2 Qg4 39. Qd4 Qh3 40.
Qd7 Kf8 41. Qd6+ Kg7 42. Qc6 Rfe5 43. Qg2 Qg4 44. Rdd1 Re2 45. Rd3 Re1 46. Rxe1 Rxe1+ 47. Kh2 Qe2 48. Rf3 Qd2 49. Rf4 Re2 50. Rf3 Qe1 51. Rf4 Rd2 52. Qf3 Rd7 53. Re4 Qd2 54. Re2 Qc1 55. Qe3 Qa1 56. Qe5+ Qxe5 57. Rxe5 Kf6 58. Re2 Kf5 59. Kg2 Rd4 60. Ra2 Rd5 61. Re2 f6 62.
Re3 g5 63. Rf3+ Kg6 64. hxg5 fxg5 65. Ra3 Kf5 66. Rf3+ Kg6 67. Ra3 g4 68. Ra8 Kf5 69. Rh8 Ke4 70. Rf8 Re5 71. Rf4+ Kd3 72. Rf6 Kd4 73.
Rf4+ Kd5 74. Rf6 Ke4 75. Rf4+ Kd3 76. Rf6 Ke2 77. Rf4 Ke1 78. Rf6 Re2 79. Rf4 Re5 80.
Rf6 Ra5 81. Rf4 Kd2 82. Re4 Kd3 83. Re8 Kd4 84. Re7 Re5 85. Rf7 Ke4 86. Rf4+ 1/2-1/2

[Event "*** Titled Tuesday Blitz"]
[Site "Chess.com"]
[Date "2019.10.01"]
[Round "1"]
[White "Bauxi435"]
[Black "ckgchess"]
[Result "1/2-1/2"]
[WhiteElo "2381"]
[BlackElo "2708"]
[TimeControl "180+2"]
[EndTime "13:10:49 PDT"]
[Termination "Game drawn by agreement"]

1. d4 Nf6 2. c4 e6 3. Nc3 Bb4 4. f3 d5 5. a3 Bxc3+ 6. bxc3 O-O 7. cxd5 exd5 8. e3 Bf5 9. Bd3 Bg6 10. Ne2 c5 11. O-O Re8 12. Nf4 Nc6 13. Nxg6 hxg6 14. Re1 Qa5 15. Bd2 Rac8 16. Kh1 Re7 17. e4 dxe4 18. fxe4 cxd4 19. cxd4 Qb6 20. d5 Ne5 21. Bb4 Neg4 22. Rf1 Re5 23. Qf3 Qd4 24. Rad1 Rh5 25. h3 Ne5 26. Qf2 Qxf2 27. Rxf2 Nxd3 28. Rxd3 Nxe4 29.
Re2 Rxd5 30. Rxd5 Ng3+ 31. Kh2 Nxe2 32. Rd7 b5 33. Rxa7 Rc2 34. Ra8+ Kh7 35. Rb8 Nd4 36. Rb7 f6 37. Bf8 Ne6 38. Bb4 Nf4 39. Kg3 Nxg2 40. Rxb5 Ne3 41. Rb7 Ra2 42. Bf8 Nf5+ 43. Kf4 Kh6 44.
h4 Kh5 45. Bxg7 Rf2+ 46. Ke4 Nxg7 47. Rxg7 Ra2 48. Rh7+ Kg4 49. Rh6 f5+ 50. Ke5 Re2+ 51. Kd4 Re4+ 52. Kd3 g5 53. hxg5 Kxg5 54. Ra6 Rh4 55.
Ke3 Rh3+ 56. Kf2 Rb3 57. Ra4 Rc3 58. Ra8 Kg4 59. a4 Rc2+ 60. Ke3 f4+ 61. Kd3 Ra2 62. a5 f3 63. Ke3 Ra3+ 64. Kf2 Ra2+ 65. Ke3 Re2+ 66.
Kd3 Re5 67. a6 f2 68. Rf8 Kg3 69. a7 Ra5 70. Ke2 Ra2+ 71. Ke3 Ra3+ 72. Ke2 Ra2+ 73.
Ke3 Ra3+ 74. Ke2 Rxa7 75. Rg8+ Kf4 76. Kxf2 Ra2+ 77. Ke1 Kf3 78. Rf8+ Ke3 79. Re8+ Kd3 80. Re7 1/2-1/2